AoeStats
← DK

Arabia

510537829Analyzed
1v1 RM · 19h ago on Oct 1, 2026· 54m 0s· 2 players
Game mode
Random Map
Map size
Tiny (2 player)
Population
200
Speed
Normal
Resources
Standard
Victory
Conquest
Starting age
Dark Age
Ending age
Imperial Age
RankedLock teamsTeams togetherTeam positionsShared explorationLock speedFull tech treeHidden civsTurbo modeCheats
Victory
Defeat
🇨🇦 Huns · Canada
1499
+16
🇩🇪 Sicilians · Germany
1494
-16
Skuf
6:19 Loom
6:43 Loom
8:56 Feudal Age
10:12 Double-Bit Axe
10:14 Horse Collar
19:04 Wheelbarrow
21:59 Castle Age
20:06 Scale Barding Armor
21:49 Bloodlines
26:35 Forging
28:16 Chain Barding Armor
29:56 Iron Casting
29:47 Husbandry
32:37 Wheelbarrow
31:57 Gold Mining
33:44 Scale Mail Armor
33:08 Pikeman
33:49 Squires
34:50 Chain Mail Armor
39:27 Hand Cart
42:33 Imperial Age
40:59 Town Watch
43:46 Plate Mail Armor
43:58 Conscription
43:08 Halberdier
44:05 Light Cavalry
48:54 Blast Furnace
53:09 Plate Barding Armor
DK
6:18 Loom
8:46 Feudal Age
9:27 Double-Bit Axe
18:13 Forging
18:09 Scale Barding Armor
23:25 Castle Age
22:12 Bloodlines
25:10 Husbandry
27:43 Iron Casting
33:13 Chain Barding Armor
34:19 Devotion
42:02 Imperial Age
42:31 Fletching
42:12 Cavalier
46:42 Blast Furnace
46:13 Conscription
54:08 Chemistry
53:53 Bodkin Arrow
54:59 Ballistics
Connection lost

Rejoining the realm…

Still unreachable

The connection could not be restored.

Session expired

The server has moved on; the page needs a fresh start.